 Seeded DCSS version 0.31-a0-4-gefa6de2278 (webtiles) character file.

Game seed: 2122283489254455534 (custom seed)

420 Pimp the Poker (level 6, -22/48 HPs)
             Began as a Merfolk Gladiator on May 4, 2023.
             Annihilated by an ogre
             ... wielding a +0 giant spiked club
              (34 damage)
             ... on level 5 of the Dungeon.
             The game lasted 00:05:23 (2341 turns).

Pimp the Poker (Merfolk Gladiator)                  Turns: 2341, Time: 00:05:24

Health: -22/48     AC:  7    Str: 16      XL:     6   Next: 94%
Magic:  6/6        EV: 14    Int:  7      God:
Gold:   240        SH:  0    Dex: 14 (16) Spells: 5/5 levels left

rFire   . . .        a - +0 trident
rCold   . . .        (no shield)
rNeg    . . .        b - +0 leather armour
rPois   .            c - +0 helmet
rElec   .            (no cloak)
rCorr   .            (no gloves)
SInv    .            k - +2 pair of boots
Will    .....        l - amulet of regeneration
Stlth   +            (no ring)
HPRegen 1.08/turn    (no ring)
MPRegen 0.10/turn

%: no passive effects
@: studying Polearms
A: (nimble swimmer 2), mertail
a: no special abilities


You were on level 5 of the Dungeon.
You visited 1 branch of the dungeon, and saw 5 of its levels.

You collected 240 gold pieces.

Inventory:

Hand Weapons
 a - a +0 trident (weapon)
Missiles
 d - 3 throwing nets
 e - 7 javelins (quivered)
Armour
 b - a +0 leather armour (worn)
 c - a +0 helmet (worn)
 i - a +0 pair of boots
 k - a +2 pair of boots (worn)
Jewellery
 l - an amulet of regeneration (around neck)
 m - a ring of protection from fire
 v - a ring of poison resistance
Scrolls
 f - a scroll of immolation
 j - a scroll of teleportation
 r - a scroll of identify
Potions
 g - a potion of lignification {unknown}
 h - a potion of degeneration
 n - a potion of flight
 o - a potion of magic
 p - 2 potions of berserk rage
 s - a potion of mutation
 t - 2 potions of brilliance


   Skills:
 + Level 4.3 Fighting
 + Level 7.0 Polearms
 + Level 3.9 Throwing
 + Level 6.0 Dodging


You had 5 spell levels left.
You didn't know any spells.
Your spell library contained the following spells:

 Spells                   Type           Power      Damage    Failure   Level
 Blink                    Tloc           0%         N/A       65%         2
 Lesser Beckoning         Tloc           0%         N/A       65%         2
 Momentum Strike          Conj/Tloc      0%         3d8       65%         2
 Scorch                   Fire           0%         2d5       65%         2
 Flame Wave               Conj/Fire      0%         2d4       99%         4
 Summon Cactus Giant      Summ           0%         N/A       100%        6


Dungeon Overview and Level Annotations

Branches:
Dungeon (5/15)
 Temple: D:4-7

Altars:
Fedhas
Uskayaw


Innate Abilities, Weirdness & Mutations

((You are very nimble when in or above water. (Stealth+, EV+, Speed+++)))
Your lower body shifts to a powerful aquatic tail in water.


Message History

The hound bites you.
You closely miss the hound.
The hound is lightly wounded.
The hound barely misses you. The hound misses you.
You hit the hound.
The hound is moderately wounded.
The hound barely misses you.
You puncture the hound!
The hound is almost dead.
The hound bites you.
You hit the hound.
The hound is almost dead.
The hound misses you. The hound bites you but does no damage.
You puncture the hound!
You kill the hound!
Your Polearms skill increases to level 7!
You see here a hound corpse.
You see here a +0 arbalest.
You see here a +0 arbalest.
An ogre comes into view. It is wielding a +0 giant spiked club.
The ogre shouts!
The ogre moves out of view.
The ogre hits you with a +0 giant spiked club!
You barely miss the ogre. You closely miss the ogre.
The ogre hits you with a +0 giant spiked club!
You puncture the ogre!
The ogre is moderately wounded.
The ogre misses you.
You puncture the ogre!
The ogre is severely wounded.
You hit the ogre but do no damage.
The ogre is severely wounded.
The ogre hits you with a +0 giant spiked club!
* * * LOW HITPOINT WARNING * * *
You hit the ogre.
The ogre is almost dead.
The ogre hits you with a +0 giant spiked club!!
Ouch! That really hurt!
You die...

#.######.##..........#...
#........##..............
######...##.###..#...#...
#####...##.###...........
#............#......#...#
#.###........#......#...# #.#
#...##...#......#...# #
###.###...##...#..........#.#
#.....+...+...O@.##..#.......
###.###...###..####..#....#.#
#.#..........###...........
###.#.##.....................
#....................##.#.#.#
###.........................
#...................###.....
#####.##....†........# #.#+#
#.##.............# ..


You could see an ogre.

Vanquished Creatures
  A scorpion (D:5)
  2 hounds (D:5)
  2 jellies (D:4)
  2 gnoll boudas (D:5)
  6 gnolls (D:5)
  6 adders
  3 worms
  2 orcs (D:3)
  5 endoplasms
  3 giant cockroaches
  4 goblins
  4 hobgoblins
  5 jackals
  6 quokkas
  7 ball pythons
  5 bats
  3 frilled lizards
  2 kobolds (D:1)
  6 rats
74 creatures vanquished.

Notes
Turn   | Place    | Note
-------+----------+-------------------------------------------
     0 | D:1      | Pimp the Merfolk Gladiator began the quest for the Orb.
     0 | D:1      | Reached XP level 1. HP: 16/16 MP: 1/1
   171 | D:1      | Reached XP level 2. HP: 10/23 MP: 2/2
   639 | D:1      | Reached XP level 3. HP: 28/28 MP: 3/3
   937 | D:2      | Reached XP level 4. HP: 34/34 MP: 4/4
  1733 | D:3      | Found a blossoming altar of Fedhas.
  1733 | D:3      | Found a hide-covered altar of Uskayaw.
  1752 | D:3      | Identified 2 scrolls of acquirement
  1752 | D:3      | Acquired a manual of Polearms
  1756 | D:3      | Acquired a manual of Polearms
  1795 | D:4      | Reached skill level 5 in Polearms
  1795 | D:4      | Reached skill level 5 in Dodging
  1795 | D:4      | Reached XP level 5. HP: 27/41 MP: 5/5
  2088 | D:5      | Entered Level 5 of the Dungeon
  2142 | D:5      | Reached skill level 6 in Polearms
  2142 | D:5      | Reached XP level 6. HP: 38/48 MP: 6/6
  2305 | D:5      | Reached skill level 7 in Polearms
  2341 | D:5      | Annihilated by an ogre

Illustrated notes

Levels and vault maps discovered:
D:1:      denvon_arrival_waterhouse, layout_basic
D:2:      layout_rooms, serial_forest, infiniplex_forest_clump_double,
          infiniplex_forest_straight_4, infiniplex_forest_zigzag_1,
          infiniplex_forest_lined_2, infiniplex_forest_zigzag_1,
          infiniplex_forest_straight_3, minmay_circle_x
D:3:      layout_rooms, gammafunk_temple_overflow_wave, kennysheep_another_room
D:4:      layout_gridville, minmay_shop_damaged
D:5:      layout_basic, nicolae_overflow_crystal_walls, uniq_menkaure

Skill      XL: |  1  2  3  4  5  6 |
---------------+-------------------+-----
Fighting       | 3 4 |  4.3
Polearms       | 5 6 7 |  7.0
Throwing       | 3 |  3.9
Dodging        | 5 6 |  6.0

Action                     |  1- 3 |  4- 6 || total
---------------------------+-------+-------++-------
  Melee: Trident           |    92 |   171 ||   263
         Punch             |       |     1 ||     1
  Throw: Javelin           |       |     2 ||     2
    Use: Scroll            |       |    14 ||    14
         Potion            |       |     3 ||     3
   Stab: Sleeping          |     1 |     1 ||     2
 Armour: Leather armour    |    40 |    68 ||   108
  Dodge: Dodged            |    90 |   143 ||   233

Table legend: (Time is in decaauts)
 A = Elapsed time spent in this place.
 B = Non-inter-level travel time spent in this place.
 C = Inter-level travel time spent in this place.
 D = Time resting spent in this place.
 E = Time spent auto-exploring this place.
 F = Levels seen in this place.
 G = Mean time per level.
                   A        B        C        D        E       F      G
               +--------+--------+--------+--------+--------+-----+--------+
         Total |   2347 |   2292 |     55 |     32 |   1542 |   5 |  469.4 |
       Dungeon |   2347 |   2292 |     55 |     32 |   1542 |   5 |  469.4 |
               +--------+--------+--------+--------+--------+-----+--------+

Top non-repeatable levels by time:
     D:1: 813 daAuts
     D:2: 554 daAuts
     D:3: 400 daAuts
     D:4: 326 daAuts
     D:5: 251 daAuts
